 Dungeon Crawl Stone Soup version 0.30-a0-222-ge547ba4400 (webtiles) character file.

Game seed: 10639684487982852011

5406 Aibolit the Slicer (level 10, -10/77 HPs)
             Began as a Human Fighter on Oct 9, 2022.
             Was an Elder of Okawaru.
             Mangled by Urug
             ... wielding a +4 scimitar of holy wrath
              (23 damage)
             ... on level 1 of the Lair of Beasts.
             The game lasted 00:16:39 (7480 turns).

Aibolit the Slicer (Human Fighter)                  Turns: 7480, Time: 00:16:40

Health: -10/77     AC: 17    Str: 26    XL:     10   Next: 99%
Magic:  0/12       EV: 11    Int: 10    God:    Okawaru [****..]
Gold:   900        SH:  6    Dex: 12    Spells: 9/9 levels left

rFire   . . .      SeeInvis .    m - +11 short sword of Resumed Hostilities {flame, rElec rN++ Str+6}
rCold   . . .      Faith    .    c - +0 buckler
rNeg    + + .      Spirit   +    E - +0 plate armour
rPois   .          Reflect  .    (no helmet)
rElec   +          Harm     .    (no cloak)
rCorr   .          Rampage  .    (no gloves)
Will    .....                    b - +0 pair of boots
Stlth   ..........               u - amulet of guardian spirit
HPRegen 0.32/turn                (no ring)
MPRegen 0.13/turn                (no ring)

@: mighty, heroic
A: no striking features
a: Renounce Religion, Heroism, Finesse


You were on level 1 of the Lair of Beasts.
You worshipped Okawaru.
Okawaru was greatly pleased with you.
You visited 3 branches of the dungeon, and saw 10 of its levels.

You collected 992 gold pieces.
You spent 92 gold pieces at shops.

Inventory:

Hand Weapons
 m - the +11 short sword of Resumed Hostilities (weapon) {flame, rElec rN++ Str+6}
   (You found it on level 2 of the Dungeon)

   It burns those it strikes, dealing additional fire damage.
   Str:       It affects your strength (+6).
   rElec:     It insulates you from electricity.
   rN:        It greatly protects you from negative energy.
Armour
 b - a +0 pair of boots (worn)
 c - a +0 buckler (worn)
 E - a +0 plate armour (worn)
Jewellery
 o - a ring of fire
 r - a ring of ice
 u - an amulet of guardian spirit (around neck)
Wands
 d - a wand of iceblast (13)
 C - a wand of paralysis (6)
 D - a wand of flame (7)
Scrolls
 e - a scroll of immolation
 g - 2 scrolls of butterflies
 p - a scroll of enchant armour
 q - 3 scrolls of amnesia
 s - 2 scrolls of fear
 w - 3 scrolls of noise
 x - 3 scrolls of magic mapping
 y - 2 scrolls of teleportation
 z - 2 scrolls of enchant weapon
 H - a scroll of torment
Potions
 a - 2 potions of cancellation {unknown}
 f - 3 potions of lignification {unknown}
 h - 6 potions of curing
 i - 2 potions of flight {unknown}
 j - 4 potions of attraction
 k - 2 potions of mutation {unknown}
 n - a potion of degeneration {unknown}
 A - a potion of invisibility {unknown}
 B - 2 potions of heal wounds {unknown}
 F - a potion of resistance {unknown}
 G - 2 potions of haste {unknown}
Miscellaneous
 v - a piece from Xom's chessboard (15/15)


   Skills:
 + Level 6.3(11.3) Fighting
 + Level 9.0(14.3) Short Blades
 + Level 3.4(11.7) Long Blades
 + Level 8.6(13.6) Armour
 + Level 4.9(9.9) Dodging
 + Level 1.7(6.7) Stealth
 + Level 5.0(10.0) Shields
 + Level 3.1 Invocations


You had 9 spell levels left.
You didn't know any spells.
Your spell library contained the following spells:

 Spells                   Type           Power      Damage    Failure   Level
 Beastly Appendage        Tmut           0%         N/A       98%         1
 Slow                     Hex            0%         N/A       98%         1
 Sting                    Tmut/Pois      0%         1d3       98%         1
 Confusing Touch          Hex            0%         N/A       100%        3
 Ignite Poison            Fire/Tmut/Pois 0%         N/A       100%        3
 Vampiric Draining        Necr           0%         2d6       100%        3
 Passage of Golubria      Tloc           0%         N/A       100%        4
 Petrify                  Tmut/Erth      0%         N/A       100%        4
 Yara's Violent Unravell  Hex/Tmut       0%         3d3       100%        5
 Storm Form               Tmut/Air       0%         N/A       100%        7
 Tukima's Dance           Hex            Unusable   N/A       N/A         3

Dungeon Overview and Level Annotations

Branches:
Dungeon (8/15)             Temple (1/1) D:7            Lair (1/5) D:8

Altars:
Ashenzari
Cheibriados
Dithmenos
Elyvilon
Fedhas
Gozag
Hepliaklqana
Kikubaaqudgha
Nemelex Xobeh
Okawaru
Qazlal
Trog
Uskayaw
Vehumet
Wu Jian
Xom
Yredelemnul
Zin
The Shining One

Shops:
D:5 *   D:7 :

Portals:
Ice
Cave: Lair:1

Annotations:
D:1 1 transporter
Lair:1 Urug


Message History

Urug shouts!
Urug throws a javelin.
The javelin pierces through you!
A water moccasin comes into view.
Urug is nearby!
Urug is nearby!
Urug throws a javelin.
The javelin pierces through you.
Urug hits you with a +4 scimitar of holy wrath.
You hit Urug but do no damage.
Urug hits you with a +4 scimitar of holy wrath!
You hit Urug but do no damage. You puncture Urug! You burn Urug.
Urug is lightly wounded.
Urug hits you with a +4 scimitar of holy wrath.
You closely miss Urug.
Urug is lightly wounded.
Urug hits you with a +4 scimitar of holy wrath!
You feel very mighty all of a sudden.
Urug hits you with a +4 scimitar of holy wrath!
You hit Urug. You burn Urug.
Urug is moderately wounded.
You puncture Urug! You burn Urug.
Urug is moderately wounded.
Urug hits you with a +4 scimitar of holy wrath!
* * * LOW HITPOINT WARNING * * *
You hit Urug. You burn Urug.
Urug is heavily wounded.
You hit Urug but do no damage.
Urug is heavily wounded.
Urug screams, "I'm goin' to kill you!
Now!"
Urug hits you with a +4 scimitar of holy wrath!
* * * LOW HITPOINT WARNING * * *
Activating: Heroism (1% risk of failure)
Press: ? - help, Q - select action, (/) - cycle Dir - look around, f - activate You gain the combat prowess of a mighty hero.
You block Urug's attack.
You closely miss Urug.
Urug is heavily wounded.
You hear the quick crackling of a very distant melting archway.
Urug hits you with a +4 scimitar of holy wrath!!
You die...

##...............#
##..#.###........##
#.#...P#...###...#
##........## ##P##
#........# ###
##.......##
#.......## ###
##.....o.# ...#
#....@.## #...#
#.....#.##....#
#......#......#
#...#.........#
#..##.........# ###
##.....(..#
##........#
#P.....P#P#
####...####


You could see Urug.

Vanquished Creatures
  An elephant (D:8)
  2 cane toads
  Maggie (D:8)
  A troll (D:7)
  A wyvern (D:8)
  2 basilisks (D:8)
  A steam dragon (D:7)
  4 water moccasins
  An ice beast (D:5)
  2 orc warriors (D:7)
  A black bear (D:7)
  An ogre (D:7)
  5 centaurs
  4 phantoms
  A kobold brigand (D:7)
  2 bullfrogs
  4 necrophages
  A gnoll sergeant (D:6)
  4 scorpions
  5 wights (D:7)
  3 howler monkeys
  An electric eel (D:7)
  2 jellies
  2 orc priests (D:4)
  4 hounds
  5 iguanas
  8 orc wizards
  7 adders
  5 gnolls
  A shadow imp (D:5)
  An ufetubus (D:7)
  2 worms
  3 dart slugs
  23 orcs
  4 endoplasms
  4 giant cockroaches
  7 goblins
  3 hobgoblins
  A jackal (D:5)
  8 kobolds
  4 quokkas
  2 ball pythons
  3 bats
  2 frilled lizards (D:2)
  4 rats
  2 butterflies (D:4)
155 creatures vanquished.

Vanquished Creatures (others)
  A fungus (Lair:1)
  3 plants (Lair:1)
4 creatures vanquished.

Grand Total: 159 creatures vanquished

Notes
Turn   | Place    | Note
-------+----------+-------------------------------------------
     0 | D:1      | Aibolit the Human Fighter began the quest for the Orb.
     0 | D:1      | Reached XP level 1. HP: 18/18 MP: 1/1
   127 | D:1      | Reached XP level 2. HP: 24/24 MP: 2/2
   282 | D:1      | Found a faded altar of an unknown god.
   307 | D:1      | Prayed at the altar of an unknown god.
   307 | D:1      | Became a worshipper of Warmaster Okawaru
   307 | D:1      | Reached * piety under Okawaru
   512 | D:2      | Identified the +11 short sword of Resumed Hostilities
                  | {flame, rElec rN++ Str+6}
   589 | D:2      | Reached XP level 3. HP: 28/29 MP: 3/3
  1123 | D:3      | Reached XP level 4. HP: 34/35 MP: 4/4
  1226 | D:3      | Noticed a phantom
  1243 | D:3      | Killed a phantom
  1244 | D:3      | Reached skill level 1 in Short Blades
  1244 | D:3      | Reached XP level 5. HP: 38/41 MP: 5/5
  1289 | D:3      | Reached ** piety under Okawaru
  1531 | D:3      | You fall into a shaft and drop 3 floors!
  1541 | D:6      | Reached skill level 2 in Short Blades
  1541 | D:6      | Reached XP level 6. HP: 48/48 MP: 6/6
  1568 | D:6      | Got Sif Muna's Compendium of Transformation
  1585 | D:6      | Reached skill level 1 in Dodging
  1743 | D:6      | Reached XP level 7. HP: 45/53 MP: 4/7
  1752 | D:6      | Reached skill level 3 in Short Blades
  2070 | D:6      | Reached *** piety under Okawaru
  2148 | D:6      | Reached XP level 8. HP: 60/60 MP: 5/8
  2155 | D:6      | Reached skill level 4 in Short Blades
  2172 | D:5      | Entered Level 5 of the Dungeon
  2307 | D:4      | Found a shimmering altar of Xom.
  2493 | D:4      | Reached skill level 5 in Armour
  2496 | D:4      | Found a radiant altar of Vehumet.
  2496 | D:4      | Found a white marble altar of Elyvilon.
  3180 | D:3      | Found an iron altar of Okawaru.
  3193 | D:3      | Found a snail-covered altar of Cheibriados.
  3221 | D:3      | Found a hazy altar of Hepliaklqana.
  3774 | D:5      | Reached skill level 1 in Stealth
  3786 | D:5      | Reached skill level 5 in Short Blades
  3831 | D:5      | Reached skill level 1 in Invocations
  3831 | D:5      | Reached XP level 9. HP: 43/66 MP: 9/9
  3934 | D:5      | Found Pariutuc's Assorted Antiques.
  3943 | D:5      | Bought a scroll labelled KIPALI CIPRUG for 32 gold pieces
  3943 | D:5      | Bought a scroll labelled SIFEGA LENN for 32 gold pieces
  3943 | D:5      | Bought a glowing black potion for 28 gold pieces
  4286 | D:5      | Reached **** piety under Okawaru
  4297 | D:5      | Reached skill level 6 in Short Blades
  4865 | D:7      | Reached skill level 5 in Fighting
  4956 | D:7      | Noticed a troll
  4968 | D:7      | Killed a troll
  4997 | D:7      | Reached skill level 7 in Short Blades
  5157 | D:7      | Found a bloodstained altar of Trog.
  5207 | D:7      | Reached XP level 10. HP: 61/74 MP: 9/11
  5312 | D:7      | Found an ornate altar of the Wu Jian Council.
  5473 | D:7      | Found Mimmeew's Self-Improvement Boutique.
  5510 | D:7      | Found a staircase to the Ecumenical Temple.
  5521 | Temple   | Entered the Ecumenical Temple
  5701 | D:7      | Found a sparkling altar of Nemelex Xobeh.
  5908 | D:7      | Found a basalt altar of Yredelemnul.
  5980 | D:8      | Found an opulent altar of Gozag.
  6001 | D:8      | Noticed Maggie
  6019 | D:8      | Killed Maggie
  6020 | D:8      | Reached skill level 8 in Short Blades
  6170 | D:8      | Noticed a +0 falchion
  6171 | D:8      | Noticed a +0 dagger
  6171 | D:8      | Noticed a +0 short sword
  6172 | D:8      | Noticed a +0 short sword
  6172 | D:8      | Noticed a +0 dagger
  6172 | D:8      | Noticed a +0 spear
  6172 | D:8      | Noticed a +0 spear
  6173 | D:8      | Noticed a +0 falchion
  6206 | D:8      | Found a hide-covered altar of Uskayaw.
  6618 | D:8      | Noticed an elephant
  6646 | D:8      | Killed an elephant
  6646 | D:8      | Reached ***** piety under Okawaru
  6655 | D:8      | Found a staircase to the Lair.
  6995 | Lair:1   | Entered Level 1 of the Lair of Beasts
  7089 | Lair:1   | Noticed a cane toad
  7097 | Arena    | Entered the Arena
  7102 | Arena    | Killed a cane toad
  7103 | Arena    | Reached skill level 5 in Shields
  7195 | Lair:1   | Found a frozen archway.
  7317 | Lair:1   | Noticed a cane toad
  7326 | Lair:1   | Killed a cane toad
  7327 | Lair:1   | Reached skill level 9 in Short Blades
  7443 | Lair:1   | Noticed Urug
  7480 | Lair:1   | Mangled by Urug

Illustrated notes

Levels and vault maps discovered:
D:1:      spicycebolla_arrival_transporter_tutorial, layout_rooms,
          hellmonk_ecumenical_altar_leap_of_faith, minmay_misc_feat_roman
D:2:      layout_basic, basic_altar
D:3:      layout_basic, nzn_hepliaklqana_mist_gate, general_overflow_altar,
          mainiacjoe_overflow_small_starburst
D:4:      layout_loops_ring, xom_butterflies, minitemple
D:5:      minmay_polygon_palace, layout_basic, serial_shops,
          nicolae_shop_temple_entry_statues_fountains, item_on_display_a
D:6:      layout_basic, grunt_ministairs_12
D:7:      layout_cave_pools, nzn_wu_jian_contemplation,
          mainiacjoe_overflow_cross_hatched, nicolae_overflow_squiral,
          minmay_temple_entry_hall, nicolae_shop_self_help
D:8:      layout_basic, mainiacjoe_overflow_catwalk, nicolae_uskayaw_en_pointe,
          david_lair_generic, uniq_maggie
Temple:   hellmonk_temple_beads
Lair:1:   layout_cave_pods, portal_ice_cave_entry_pillars_1, uniq_urug

Skill      XL: |  1  2  3  4  5  6  7  8  9 10 |
---------------+-------------------------------+-----
Short Blades   | 1 2 3 5 7 9 |  9.0
Long Blades    | 3 |  3.4
Dodging        | 1 3 4 |  4.9
Armour         | 4 5 7 8 |  8.6
Fighting       | 4 5 6 |  6.3
Stealth        | 1 |  1.7
Shields        | 4 5 |  5.0
Invocations    | 1 3 |  3.1

Action                   |  1- 3 |  4- 6 |  7- 9 | 10-12 || total
-------------------------+-------+-------+-------+-------++-------
Melee: Long sword        |    34 |       |       |       ||    34
       Short sword       |    15 |    54 |   229 |   129 ||   427
Invok: Heroism           |       |     2 |     8 |     9 ||    19
       Duel              |       |       |       |     1 ||     1
  Use: Scroll            |     1 |       |       |    11 ||    12
       Potion            |       |     1 |       |     1 ||     2
Armor: Scale mail        |    21 |    20 |    10 |       ||    51
       Chain mail        |       |       |    54 |     2 ||    56
       Plate armour      |       |       |       |    41 ||    41
Dodge: Dodged            |    16 |    22 |    83 |    27 ||   148
Block: Buckler           |    13 |    14 |    28 |    17 ||    72

Table legend: (Time is in decaauts)
 A = Elapsed time spent in this place.
 B = Non-inter-level travel time spent in this place.
 C = Inter-level travel time spent in this place.
 D = Time resting spent in this place.
 E = Time spent auto-exploring this place.
 F = Levels seen in this place.
 G = Mean time per level.
                   A        B        C        D        E       F      G
               +--------+--------+--------+--------+--------+-----+--------+
         Total |   7349 |   6223 |   1126 |   1123 |   4019 |  11 |  668.1 |
       Dungeon |   6707 |   5805 |    902 |   1005 |   3830 |   8 |  838.4 |
        Temple |    171 |     97 |     74 |      0 |     89 |   1 |  171.0 |
          Lair |    453 |    303 |    150 |    113 |    100 |   1 |  453.0 |
         Arena |     16 |     16 |      0 |      5 |      0 |   1 |   16.0 |
               +--------+--------+--------+--------+--------+-----+--------+

Top non-repeatable levels by time:
     D:6: 1007 daAuts
     D:8: 985 daAuts
     D:7: 911 daAuts
     D:5: 899 daAuts
     D:3: 895 daAuts
     D:4: 892 daAuts
     D:2: 606 daAuts
     D:1: 510 daAuts
  Lair:1: 453 daAuts
  Temple: 171 daAuts
   Arena: 16 daAuts
